 Dungeon Crawl Stone Soup version 0.25.0-41-g26779e2 (webtiles) character file.

Game seed: 6840717216538355412

606 LeftStepLouie the Chopper (level 7, 0/91 HPs)
             Began as a Minotaur Berserker on July 10, 2020.
             Was a Priest of Trog.
             Slain by an ogre
             ... wielding a +0 giant club
              (18 damage)
             ... on level 5 of the Dungeon.
             The game lasted 00:09:21 (4198 turns).

LeftStepLouie the Chopper (Minotaur Berserker)      Turns: 4198, Time: 00:09:22

Health: 0/91       AC:  6    Str: 23    XL:     7   Next: 19%
Magic:  6/6        EV: 12    Int:  6    God:    Trog [***...]
Gold:   203        SH:  0    Dex: 10    Spells: 6/6 levels left

rFire    . . .     SeeInvis .   u - +1 dagger of Kirueq Uthre {vorpal, Int+2}
rCold    . . .     Gourm    .   (no shield)
rNeg     . . .     Faith    .   m - +0 ring mail
rPois    .         Spirit   .   (helmet restricted)
rElec    .         Reflect  .   (no cloak)
rCorr    .         Harm     .   (no gloves)
MR       .....                  (no boots)
Stlth    ..........             (no amulet)
HPRegen  0.25/turn              (no ring)
MPRegen  0.10/turn              (no ring)

@: berserking, very quick
A: retaliatory headbutt, horns 2
a: Berserk, Trog's Hand, Renounce Religion


You were on level 5 of the Dungeon.
You worshipped Trog.
Trog was most pleased with you.
You were hungry.

You visited 1 branch of the dungeon, and saw 5 of its levels.

You collected 231 gold pieces.
You spent 28 gold pieces at shops.

Inventory:

Hand Weapons
 a - a +0 hand axe
 u - the +1 dagger of Kirueq Uthre (weapon) {vorpal, Int+2}
   (You found it on level 4 of the Dungeon)

   It inflicts extra damage upon your enemies.
   It affects your intelligence (+2).
Armour
 b - a +0 animal skin
 m - a +0 ring mail (worn)
Scrolls
 j - 2 scrolls of magic mapping
 k - 5 scrolls of identify
 l - a scroll of fear {unknown}
 n - 2 scrolls of remove curse
 o - 2 scrolls of blinking {unknown}
 p - a scroll of teleportation {unknown}
 s - 2 scrolls of enchant armour {unknown}
 t - 2 scrolls of fog {unknown}
Potions
 e - 3 potions of might {unknown}
 f - 3 potions of heal wounds {unknown}
 g - a potion of mutation {unknown}
 h - 2 potions of brilliance {unknown}
 i - 2 potions of curing
 q - 2 potions of ambrosia {unknown}
 r - a potion of resistance {unknown}
Comestibles
 c - 6 rations


   Skills:
 + Level 5.3 Fighting
 + Level 0.9 Short Blades
 + Level 6.6 Axes
 + Level 5.4 Armour
 + Level 3.8 Dodging
 + Level 0.6 Stealth


You had 6 spell levels left.
You didn't know any spells.
Your spell library was empty.

Dungeon Overview and Level Annotations

Branches:
Dungeon (5/15)
 Temple: D:4-7

Altars:
Okawaru
Qazlal
Uskayaw
Wu Jian
Zin
The Shining One

Shops:
D:5 ?


Innate Abilities, Weirdness & Mutations

You reflexively headbutt those who attack you in melee.
You have a pair of horns on your head.


Message History

You barely miss the ogre.
The ogre is heavily wounded.
The ogre barely misses you.
You hit the ogre but do no damage.
The ogre is heavily wounded.
The ogre closely misses you.
You barely miss the ogre.
The ogre is heavily wounded.
You barely miss the ogre. You headbutt the ogre.
The ogre is severely wounded.
The ogre barely misses you.
You hit the ogre but do no damage. You headbutt the ogre.
The ogre is severely wounded.
The ogre hits you with a +0 giant club!!
* * * LOW HITPOINT WARNING * * *
A red film seems to cover your vision as you go berserk!
You feel yourself moving faster!
You feel mighty!
You are feeling hungry.
The ogre hits you with a +0 giant club!!
You die...

########.#########
.....#...#.......#
...!....!#)#####.#
≈≈...#...#.# ≈≈≈≈...#.#)##
≈≈≈≈≈≈....))#
≈≈≈≈≈≈≈....(#
_≈≈≈≈≈≈..@O.####### ##
≈≈≈≈≈≈≈...........#######.
≈≈≈≈≈≈...###..............
≈≈≈≈≈.......>.............
≈≈≈.....#########.#######.
.....#### #.# #. ##### #.#
#. #.# ## ...


You could see an ogre.

Vanquished Creatures
  An ogre (D:4)
  A howler monkey (D:5)
  2 hounds
  2 orc priests (D:5)
  2 orc wizards (D:4)
  An iguana (D:4)
  3 worker ants
  A hound zombie (D:5)
  A hound skeleton (D:5)
  4 adders
  3 gnolls (D:5)
  A shadow imp (D:3)
  2 oozes
  An adder skeleton (D:4)
  5 worms
  4 dart slugs
  A leopard gecko (D:2)
  7 orcs
  A ball python (D:3)
  6 bats
  A giant cockroach (D:2)
  8 goblins
  4 hobgoblins
  7 quokkas
  6 frilled lizards
  A jackal zombie (D:3)
  5 kobolds
  A leopard gecko skeleton (D:4)
  A quokka zombie (D:5)
  8 rats
91 creatures vanquished.

Notes
Turn   | Place    | Note
-------+----------+-------------------------------------------
     0 | D:1      | LeftStepLouie the Minotaur Berserker began the quest for
                  | the Orb.
     0 | D:1      | Reached XP level 1. HP: 19/19 MP: 0/0
   268 | D:1      | Reached XP level 2. HP: 27/27 MP: 1/1
   452 | D:1      | Reached skill level 4 in Axes
  1063 | D:2      | Reached ** piety under Trog
  1087 | D:2      | Reached XP level 3. HP: 33/33 MP: 2/2
  1995 | D:3      | Found a stormy altar of Qazlal.
  2005 | D:3      | Found an iron altar of Okawaru.
  2082 | D:3      | Found a faded altar of an unknown god.
  2088 | D:3      | Found a hide-covered altar of Uskayaw.
  2193 | D:3      | Reached XP level 4. HP: 30/41 MP: 3/3
  2406 | D:3      | Found an ornate altar of the Wu Jian Council.
  2707 | D:4      | Reached skill level 5 in Axes
  2711 | D:4      | Reached XP level 5. HP: 47/47 MP: 4/4
  2950 | D:4      | Found a glowing golden altar of the Shining One.
  3333 | D:4      | Noticed an ogre
  3339 | D:4      | Killed an ogre
  3339 | D:4      | Reached skill level 6 in Axes
  3339 | D:4      | Reached XP level 6. HP: 55/55 MP: 5/5
  3477 | D:4      | Got an iridescent dagger
  3479 | D:4      | Identified the cursed +1 dagger of Kirueq Uthre {vorpal,
                  | Int+2} (You found it on level 4 of the Dungeon)
  3499 | D:5      | Entered Level 5 of the Dungeon
  3504 | D:5      | Reached skill level 5 in Fighting
  3638 | D:5      | Found Ficel's Magic Scroll Shop.
  3733 | D:5      | Bought a scroll of identify for 28 gold pieces
  3796 | D:5      | Reached skill level 5 in Armour
  3943 | D:5      | Reached XP level 7. HP: 58/61 MP: 6/6
  4005 | D:5      | Reached *** piety under Trog
  4184 | D:5      | Found a glowing silver altar of Zin.
  4198 | D:5      | Slain by an ogre

Illustrated notes

Levels and vault maps discovered:
D:1:      lightli_arrival_maybe_door_vault, layout_basic, serial_corexii_hall,
          chequers_hall_statues_wall_a, corexii_hall_statues_l
D:2:      layout_loops_ring
D:3:      layout_rooms, eat_drink_and_be_merry_uskayaw,
          nicolae_overflow_crystal_walls, lemuel_round_altar,
          chequers_ecumenical_altar_island, minmay_misc_feat_more_columns,
          grunt_qazlal_clouds
D:4:      layout_rooms, lemuel_doored_altar
D:5:      layout_basic, grunt_dithmenos_shadows, bloody_trog,
          nemelex_xobeh_ov_fountains_minmay, serial_shops,
          nicolae_shop_temple_entry_statues_fountains, first_ration,
          lemuel_altar_in_water

Skill      XL: |  1  2  3  4  5  6 |
---------------+-------------------+-----
Fighting       | 4 5 |  5.3
Axes           | 4 5 6 |  6.6
Armour         | 3 4 5 |  5.4
Dodging        | 3 |  3.8
Short Blades   | |  0.9
Stealth        | |  0.6

Action                   |  1- 3 |  4- 6 |  7- 9 || total
-------------------------+-------+-------+-------++-------
Melee: Hand axe          |   105 |    62 |       ||   167
       Headbutt          |    14 |    17 |     6 ||    37
       Dagger            |       |    39 |    36 ||    75
Invok: Berserk           |     1 |     5 |     2 ||     8
       Trog's Hand       |       |     1 |       ||     1
  Use: Scroll            |     1 |     3 |       ||     4
       Potion            |       |       |     1 ||     1
  Eat: Chunk             |     2 |     5 |       ||     7
       Ration            |     1 |     2 |       ||     3
Armor: Animal skin       |    10 |       |       ||    10
       Ring mail         |    13 |    18 |    14 ||    45
Dodge: Dodged            |    60 |    64 |     9 ||   133
